 Dungeon Crawl Stone Soup version 0.31-a0-1576-ga3383bade6 (webtiles) character file.

Game seed: 14935134699055613659

746 Xavori the Trooper (level 8, -6/58 HPs)
             Began as a Djinni Chaos Knight on Jan 4, 2024.
             Was a Plaything of Xom.
             Mangled by a chaos spawn (10 damage)
             ... summoned by Xom
             ... on level 4 of the Dungeon.
             The game lasted 00:05:10 (9914 turns).

Xavori the Trooper (Djinni Chaos Knight)            Turns: 9914, Time: 00:05:10

Health: -6/58      AC:  3    Str: 18    XL:     8   Next: 5%
Gold:   1042       EV: 13    Int: 15    God:    Xom [.*....] SH:  0 Dex: 17

rFire   + + .        a - +0 falchion (chaos)
rCold   x . .        (no shield)
rNeg    . . .        b - +2 leather armour
rPois   ∞            (no helmet)
rElec   .            q - scarf {+Inv}
rCorr   +            (no gloves)
SInv    .            (boots unavailable)
Will    .....        (no amulet)
Stlth   +            m - ring of Doubts {rCorr Str+8 Int+3 Dex-3}
HPRegen 0.29/turn    (no ring)
MPRegen 0.00/turn

%: infuse magic (-7 HP)
@: weak-willed, flying, slowed, very slow
A: sickness immunity, fire resistance 2, cold vulnerability 1, float, innate
caster, HP casting, extra vitality 1, agile 1, deformed body
a: Renounce Religion, Evoke Invisibility


You were on level 4 of the Dungeon.
You worshipped Xom.
You were a plaything of Xom.
You visited 1 branch of the dungeon, and saw 4 of its levels.

You collected 1042 gold pieces.

Inventory:

Hand Weapons
 a - a +0 falchion of chaos (weapon)
Missiles
 p - a throwing net
Armour
 b - a +2 leather armour (worn)
 o - a +0 cloak
 q - a scarf of invisibility (worn)
Jewellery
 m - the ring of Doubts (left hand) {rCorr Str+8 Int+3 Dex-3}
   (Xom gifted it to you on level 1 of the Dungeon)

   [ring of resist corrosion]

   Str+8:     It affects your strength (+8).
   Int+3:     It affects your intelligence (+3).
   Dex-3:     It affects your dexterity (-3).
   rCorr:     It protects you from acid and corrosion.
Wands
 e - a wand of mindburst (11)
 n - a wand of iceblast (8)
 r - a wand of charming (11)
 s - a wand of flame (30)
Scrolls
 c - a scroll of butterflies
 d - a scroll of enchant weapon {unknown}
 f - 2 scrolls of teleportation
 h - 2 scrolls of identify
 i - a scroll of summoning {unknown}
 j - a scroll of vulnerability {unknown}
 k - a scroll of acquirement {unknown}
 l - a scroll of immolation {unknown}
Potions
 g - a potion of mutation


   Skills:
 + Level 4.3 Fighting
 + Level 4.0 Long Blades
 + Level 3.2 Armour
 + Level 4.1 Dodging
 * Level 3.1 Spellcasting
 * Level 3.1 Conjurations
 * Level 3.1 Hexes
   Level 0.0 Charms
 * Level 3.1 Summonings
 * Level 3.1 Necromancy
 * Level 3.1 Translocations
   Level 0.0 Transmutations
 * Level 3.1 Fire Magic
 * Level 3.1 Ice Magic
 * Level 3.1 Air Magic
 * Level 3.1 Earth Magic
 * Level 3.1 Alchemy
 + Level 2.3 Evocations


You knew the following spells:

 Your Spells              Type           Power      Damage    Failure   Level
a - Summon Small Mammal   Summ           44%        N/A       7%          1
b - Static Discharge      Conj/Air       22%        3-4/arc   10%         2
c - Fugue of the Fallen   Necr           11%        N/A       21%         3
Your spell library was empty.

Dungeon Overview and Level Annotations

Branches:
Dungeon (4/15)             Temple (0/1) D:4

Altars:
Ashenzari


Innate Abilities, Weirdness & Mutations

You are immune to sickness and miasma.
You are immune to poison.
Your flesh is very heat resistant. (rF++)
You are vulnerable to cold. (rC-)
You float through the air rather than walking.
You learn spells naturally, not from books.
Your magical power is your life essence.
You have superior vitality. (+4 MHP)
You are agile. (Dex +4, Str/Int -1)
Armour fits poorly on your strangely shaped body.


Message History

You slash the adder!
You feel better.
The adder is severely wounded.
The adder misses you.
An adder is nearby!
You closely miss the adder.
The adder is severely wounded.
The adder bites you but does no damage. The adder closely misses you.
An adder is nearby!
You miss the adder.
The adder is severely wounded.
The adder closely misses you.
An adder is nearby!
You slash the adder!
You kill the adder!
Key pressed, stopping explore.
No target in view!
No target in view!
You now have 1042 gold pieces (gained 14).
Found a stone staircase leading down.
No target in view!
You hear Xom's maniacal laughter.
You are now a plaything of Xom.
You closely miss the soul eater. The chaos spawn kicks you.
Your willpower is stripped away!
The soul eater hits you!
There are monsters nearby!
You hit the soul eater but do no damage.
The soul eater falls asleep!
The soul eater hits you!! The chaos spawn closely misses you.
You are too injured to fight recklessly!
There are monsters nearby!
As you read the scroll labelled GOUCHAUBBO, it crumbles to dust.
It is a scroll of identify.
f - 2 scrolls of teleportation The chaos spawn releases spores at you!
* * * LOW HITPOINT WARNING * * *
You feel yourself slow down. The soul eater hits you!
* * * LOW HITPOINT WARNING * * *
It was a potion of mutation.
You feel extremely strange.
You feel frail.
Your large bone plates disappear.
Your body twists and deforms.
The chaos spawn tail-slaps you!
You die...

#..#.# #..#.#
...#.# #..#.#
#....##########
:.............#
#....########.#
##.### ####.####
#.# #.>..54@# #.#
#.##.##3# ##'## #
#.##5# #...##
#.##.# .....##
#..#.# ......##
.#.#.#
.......###.....#$#
.......'.........#
.......####....


You could see a soul eater (summoned), a chaos spawn (summoned), a quasit
(summoned) and a shadow imp (summoned).

Vanquished Creatures
  A meliai (D:4)
  An ogre (D:4)
  A phantom (D:4)
  A jelly (D:4)
  A hound (D:4)
  Ijyb (D:3)
  Natasha (D:2)
  An adder (D:4)
  3 dart slugs
  11 orcs
  7 bats
  9 endoplasms
  A giant cockroach (D:3)
  8 goblins
  3 hobgoblins
  8 jackals
  11 kobolds
  5 quokkas
  8 ball pythons
  2 frilled lizards (D:1)
  3 rats
87 creatures vanquished.

Vanquished Creatures (collateral kills)
  Natasha (D:2)
  An adder (D:3)
  A frilled lizard (D:2)
3 creatures vanquished.

Vanquished Creatures (others)
  An orc zombie (D:3)
1 creature vanquished.

Grand Total: 91 creatures vanquished

Notes
Turn   | Place    | Note
-------+----------+-------------------------------------------
     0 | D:1      | Xavori the Djinni Chaos Knight began the quest for the Orb.
     0 | D:1      | Reached XP level 1. HP: 20/20 MP: 0/0
    74 | D:1      | XOM: smoke on damage
    76 | D:1      | Reached XP level 2. HP: 22/25 MP: 0/0
   373 | D:1      | Reached XP level 3. HP: 23/30 MP: 0/0
   373 | D:1      | Learned a level 1 spell: Summon Small Mammal
   377 | D:1      | Reached skill level 1 in Spellcasting
   377 | D:1      | Reached skill level 1 in Conjurations
   377 | D:1      | Reached skill level 1 in Hexes
   377 | D:1      | Reached skill level 1 in Summonings
   377 | D:1      | Reached skill level 1 in Necromancy
   377 | D:1      | Reached skill level 1 in Translocations
   377 | D:1      | Reached skill level 1 in Fire Magic
   377 | D:1      | Reached skill level 1 in Ice Magic
   377 | D:1      | Reached skill level 1 in Air Magic
   377 | D:1      | Reached skill level 1 in Earth Magic
   377 | D:1      | Reached skill level 1 in Alchemy
   550 | D:1      | XOM: noise
   568 | D:1      | You are sucked into a shaft and drop 1 floor!
   920 | D:2      | Noticed Natasha
   921 | D:2      | XOM: confuse monster(s)
   928 | D:2      | XOM: summons friendly ufetubus
   931 | D:2      | Killed Natasha
   932 | D:2      | Reached XP level 4. HP: 20/35 MP: 0/0
  1040 | D:1      | Found a faded altar of an unknown god.
  1323 | D:1      | XOM: god gift: scroll labelled NOLYAGRIQY {god gift}
  2529 | D:1      | XOM: scenery: summon butterflies
  2669 | D:1      | XOM: cloud trail
  3097 | D:1      | XOM: god gift: pair of shimmering boots {god gift}
  3097 | D:1      | Identified the +2 pair of boots of Xom's Regard {rC+} (Xom
                  | gifted it to you on level 1 of the Dungeon)
  3525 | D:1      | XOM: scenery: summon butterflies
  3931 | D:1      | XOM: divination: detect creatures
  3990 | D:1      | XOM: divination: detect items
  4212 | D:1      | XOM: scenery: summon butterflies
  4546 | D:1      | XOM: scenery: summon butterflies
  4956 | D:1      | XOM: divination: detect items
  5084 | D:1      | Identified the ring of Doubts {rCorr Str+8 Int+3 Dex-3}
                  | (Xom gifted it to you on level 1 of the Dungeon)
  5084 | D:1      | XOM: god gift: ring of Doubts {rCorr Str+8 Int+3 Dex-3}
  5245 | D:1      | XOM: scenery: summon butterflies
  5342 | D:1      | XOM: stat loss: -1 Dex (11/12)
  5475 | D:1      | XOM: god gift: sedimented pink potion {god gift}
  5625 | D:1      | XOM: god gift: 890 gold pieces
  6101 | D:1      | XOM: god gift: sedimented puce potion {god gift}
  6161 | D:1      | XOM: stat loss: -1 Int (15/16)
  6543 | D:1      | XOM: cloud trail
  6582 | D:1      | XOM: divination: magic mapping
  6981 | D:1      | XOM: god gift: glowing fluorescent wand {god gift}
  7128 | D:1      | XOM: silly message
  7374 | D:1      | XOM: cloud trail
  7721 | D:1      | XOM: give mutations
  7721 | D:1      | Gained mutation: You are robust. (+10% HP) [Xom's grace]
  7721 | D:1      | Gained mutation: You are partially covered in large bone
                  | plates. (SH +4) [Xom's grace]
  7721 | D:1      | Gained mutation: You are agile. (Dex +4, Str/Int -1) [Xom's
                  | grace]
  7836 | D:2      | Noticed Natasha
  7836 | D:2      | Natasha changed into Natasha the rat
  7836 | D:2      | Noticed Natasha
  7836 | D:2      | XOM: polymorph Natasha -> Natasha the rat
  7841 | D:2      | Killed Natasha the rat
  7998 | D:2      | Noticed Natasha
  7999 | D:2      | XOM: summons friendly iron imp
  8007 | D:2      | Killed Natasha
  8008 | D:2      | Reached XP level 5. HP: 42/44 MP: 0/0
  8008 | D:2      | Learned a level 2 spell: Static Discharge
  8099 | D:2      | Found a broken altar of Ashenzari.
  8969 | D:3      | Noticed Ijyb
  8983 | D:3      | Killed Ijyb
  9263 | D:4      | a hound changed into a meliai
  9263 | D:4      | Noticed a meliai
  9263 | D:4      | XOM: polymorph hound -> meliai
  9268 | D:4      | Killed a meliai
  9269 | D:4      | Reached skill level 1 in Evocations
  9269 | D:4      | Reached XP level 6. HP: 16/51 MP: 0/0
  9269 | D:4      | Reached XP level 7. HP: 18/57 MP: 0/0
  9269 | D:4      | Learned a level 3 spell: Fugue of the Fallen
  9548 | D:4      | XOM: divination: detect items
  9610 | D:4      | XOM: potion effect (brilliance)
  9697 | D:4      | Found a staircase to the Ecumenical Temple.
  9732 | D:4      | XOM: potion effect (invisibility)
  9733 | D:4      | XOM: potion effect (berserk rage)
  9753 | D:4      | Reached XP level 8. HP: 44/63 MP: 0/0
  9800 | D:4      | XOM: silly message
  9803 | D:4      | XOM: silly message
  9910 | D:4      | XOM: summons 4 hostile demons
  9911 | D:4      | Noticed a soul eater
  9914 | D:4      | Lost mutation: You are robust. (+10% HP) [potion of
                  | mutation]
  9914 | D:4      | Lost mutation: You are partially covered in large bone
                  | plates. (SH +4) [potion of mutation]
  9914 | D:4      | Gained mutation: Armour fits poorly on your strangely
                  | shaped body. [potion of mutation]
  9914 | D:4      | Mangled by a chaos spawn

Illustrated notes

Levels and vault maps discovered:
D:1:      sevenhm_arrival_forest_fort_small_4, layout_loops_cross,
          shapermc_ecumenical_altar_venn
D:2:      layout_basic, basic_altar, minmay_misc_feat_roman,
          minmay_misc_feat_four_crosses, uniq_natasha
D:3:      layout_loops_cross, uniq_ijyb
D:4:      layout_loops_corners, minmay_temple_entry_ruins, nicolae_eternal_life,
          kennysheep_dice

Skill      XL: |  1  2  3  4  5  6  7  8 |
---------------+-------------------------+-----
Spellcasting   | 1 2 3 |  3.1
Conjurations   | 1 2 3 |  3.1
Hexes          | 1 2 3 |  3.1
Summonings     | 1 2 3 |  3.1
Necromancy     | 1 2 3 |  3.1
Translocations | 1 2 3 |  3.1
Fire Magic     | 1 2 3 |  3.1
Ice Magic      | 1 2 3 |  3.1
Air Magic      | 1 2 3 |  3.1
Earth Magic    | 1 2 3 |  3.1
Alchemy        | 1 2 3 |  3.1
Long Blades    | 3 4 |  4.0
Armour         | 2 3 |  3.2
Dodging        | 3 4 |  4.1
Fighting       | 4 |  4.3
Evocations     | 1 2 |  2.3

Action                     |  1- 3 |  4- 6 |  7- 9 || total
---------------------------+-------+-------+-------++-------
  Melee: Falchion          |   117 |   117 |    48 ||   282
   Cast: Fugue of the Fall |       |       |     1 ||     1
    Use: Potion            |       |     5 |     1 ||     6
         Scroll            |       |     1 |     1 ||     2
   Stab: Sleeping          |     1 |     3 |       ||     4
         Confused          |       |     1 |     2 ||     3
         Invisible         |       |       |     1 ||     1
 Armour: Leather armour    |    66 |    76 |    20 ||   162
  Dodge: Dodged            |    90 |    83 |    23 ||   196
  Block: Other             |       |    12 |     7 ||    19

Table legend: (Time is in decaauts)
 A = Elapsed time spent in this place.
 B = Non-inter-level travel time spent in this place.
 C = Inter-level travel time spent in this place.
 D = Time resting spent in this place.
 E = Time spent auto-exploring this place.
 F = Levels seen in this place.
 G = Mean time per level.
                   A        B        C        D        E       F      G
               +--------+--------+--------+--------+--------+-----+--------+
         Total |   9975 |   9889 |     86 |   6577 |   2596 |   4 | 2493.8 |
       Dungeon |   9975 |   9889 |     86 |   6577 |   2596 |   4 | 2493.8 |
               +--------+--------+--------+--------+--------+-----+--------+

Top non-repeatable levels by time:
     D:1: 7411 daAuts
     D:2: 1135 daAuts
     D:4: 730 daAuts
     D:3: 698 daAuts
